Unix NetHack Version 5.0.0-0 post-release - last build May 10 2026 23:12:36 (d1fa5d53e341ca933230fdaa984d921c805b60aa,branch:main).

Game began 2026-05-12 19:41:10, ended 2026-05-12 20:04:58.

CaptainEquinox, lawful male human Samurai

 --------      ------------        ------------
 |......|      -..........|        |...h......|
 |......-#     |..........|     ###|..........|
 |......|#     |..........|       #|..........|                  -------------
 |....>.|#     |..........-##     #|..........|                  |*!)%"%m@)d[|
 --------#     |..........| ####  #............#                 |%!*[=%**+)/|
       # #     |..........|       #------------###               |!=(!%.[[!.=|
        ##     --------.---       ##             #### -----      |...@.......|
        #              #          #                 # |...|      -----|-------
        #             ##          #                 ##....|         ###
      ###             #           #                   |...|        ##
      #--------    ####           ##                  |.).|       ##
      #|......|   ##  #       -----#                  |...|      ##
      #|.......   #---|---    |...-#                  |....##)  -.---------
      #|...<..|   #|...(%.##  |...|                   -----  ###-.........|
      #|......-####|...+.| ###.....                             |.........|
      #.......|    |.....|    -----                        #####-.........|
       --------    |.....|                                      -----------
                   -------

CaptainEquinox the Ninja  St:15 Dx:15 Co:18 In:11 Wi:9 Ch:8  Lawful
Dlvl:5  $:57 HP:41(62) Pw:27(27) AC:2  Xp:6 T:1597 

Latest messages:
 "Irasshaimase, CaptainEquinox!  Welcome to Holmavik's general store!"
 That strange object is a small mimic!
 The small mimic hits!
 You hit the small mimic!
 You hit the small mimic!
 You hit the small mimic.
 You hit the small mimic.
 Hachi misses the newt.
 The small mimic hits!
 Hachi bites the newt.
 The newt is killed!
 You hit the small mimic.
 You hit the small mimic.
 You miss the small mimic.
 You miss the small mimic.
 You kill the small mimic!
 Hachi eats a small mimic corpse.
 You see a tripe ration appear where Hachi was!
 You see here an ornamental cope (for sale, 89 zorkmids).
 You see here a yellow gem (for sale, 2000 zorkmids).
 You see here a purple spellbook (for sale, 267 zorkmids).
 You see here a yellow gem (for sale, 2000 zorkmids).
 You see here a concave amulet (for sale, 200 zorkmids).
 "For you, most gracious sir; only 200 zorkmids for this concave amulet."
 E - a concave amulet (unpaid, 200 zorkmids).
 What do you want to wear? [*] <esc>
 Never mind.
 What do you want to put on? [fADE or ?*] E
 E - a concave amulet (being worn) (unpaid, 200 zorkmids).
 What do you want to zap? [h or ?*] h
 You feel self-knowledgeable...
 The feeling subsides.
 What do you want to remove? [E or ?*] E
 You can't.  It is cursed.
 You bought a cursed concave amulet (being worn) for 200 gold pieces.
 "Thank you for shopping in Holmavik's general store!"
 Hachi eats a tripe ration.
 That statue is a large mimic!
 You hit the large mimic.
 The large mimic hits!
 You feel more confident in your weapon skills.
 (Tip: use the #enhance command to advance them.)
 You hit the large mimic!
 What do you want to write with? [- acdhAD or ?*] q
 Your scroll labeled DAIYEN FOOELS named uncursed would get too dirty.
 Really quit without saving? [yes|no] yes
 Holmavik gratefully inherits all your possessions.
 Do you want to see what you had when you quit? [ynq] (y) y
 Do you want to see your attributes? [ynq] (y) y
 Do you want an account of creatures vanquished? [ynaq] (y) q

Inventory:
 Coins    ('$')
  $ - 57 gold pieces
 Amulets  ('"')
  E - a cursed amulet of restful sleep (being worn)
 Weapons  (')')
  d - 6 +0 ya (in quiver)
  c - a +0 yumi
  a - a +0 katana (weapon in right hand)
 Armor    ('[')
  w - an uncursed +0 pair of iron shoes (being worn)
  n - an uncursed thoroughly rusty +0 dwarvish roundshield (being worn)
  e - an uncursed rustproof +0 splint mail (being worn)
 Comestibles  ('%')
  u - 3 uncursed gunyoki
 Scrolls  ('?')
  p - an uncursed scroll of enchant armor
  q - an uncursed scroll of enchant weapon named uncursed
 Potions  ('!')
  g - an uncursed potion of levitation named uncursed
 Rings    ('=')
  A - a cursed +2 ring of gain constitution
  D - a cursed ring of teleportation
 Wands    ('/')
  h - a wand of enlightenment (0:10)
 Tools    ('(')
  B - a cursed sack containing 1 item
  f - an uncursed blindfold
  m - an uncursed credit card
  v - an uncursed tin whistle
 Boulders/Statues  ('`')
  o - an empty uncursed statue of a newt

Contents of the sack:
  192 gold pieces

CaptainEquinox the Samurai's attributes:

Background:
 You were a Ninja, a level 6 male human Samurai.
 You were lawful, nominally on a mission for Amaterasu Omikami
 who was opposed by Raijin (neutral) and Susanowo (chaotic).
 You were right-handed.
 You were in the Dungeons of Doom, on level 5.
 You entered the dungeon 1597 turns ago.
 You had 424 experience points, 216 more were needed to attain level 7.

Basics:
 You had 41 out of 62 hit points.
 You had all 27 energy points (spell power).
 Your armor class was 2.
 Your wallet contained 57 zorkmids, and
 you had 192 more stashed away in your pack.
 Autopickup was off.

Final Characteristics:
 Your strength was 15 (limit:18/100).
 Your dexterity was 15 (limit:18).
 Your constitution was 18 (limit:18).
 Your intelligence was 11 (limit:18).
 Your wisdom was 9 (limit:18).
 Your charisma was 8 (limit:18).

Final Status:
 You were held by a large mimic (west).
 You fell asleep uncontrollably.
 You weren't hungry.
 You were unencumbered.
 You were wielding a long sword.
 You had basic skill with long sword and could have enhanced that.

Final Attributes:
 You were devoutly aligned.
 You were telepathic.
 You were warded.
 You were fast.
 You survived.

Miscellaneous:
 You encountered 1 bones level.
 Total elapsed playing time was 23 minutes and 47 seconds.

Major events:
 Turn
    1: CaptainEquinox the lawful male human Samurai entered the dungeon
  388: attained the rank of Ronin (level 3)
  522: read a Discworld novel
 1148: entered the Gnomish Mines
 1359: attained the rank of Ninja (level 6)
 1597: quit

You didn't know any spells.

Skills:
 Fighting Skills
   martial arts      [Basic]
   two weapon combat [Unskilled]
   riding            [Unskilled]
 Weapon Skills
   dagger            [Unskilled]
   knife             [Unskilled]
   short sword       [Basic]
   broadsword        [Unskilled]
   long sword        [Basic]
   two-handed sword  [Unskilled]
   saber             [Unskilled]
   flail             [Unskilled]
   quarterstaff      [Unskilled]
   polearms          [Unskilled]
   spear             [Unskilled]
   lance             [Unskilled]
   bow               [Basic]
   shuriken          [Unskilled]
 Spellcasting Skills
   attack spells     [Unskilled]
   divination spells [Unskilled]
   clerical spells   [Unskilled]

Voluntary challenges:
 Character rerolling was not enabled.
 You were an atheist.
 You never genocided any monsters.
 You never polymorphed an object.
 You never changed form.
 You used no wishes.
Achievements:
 You attained the rank of Ronin.
 You entered a shop.
 You read from a Discworld novel.
 You entered the Gnomish Mines.
 You attained the rank of Ninja.

 The Dungeons of Doom: levels 1 to 5
    Level 1:
       A fountain, a grave.
    Level 2:
       A fountain, a grave.
    Level 3:
       A scroll shop, some fountains.
    Level 4:
       A general store, some fountains.
       Stairs down to The Gnomish Mines.
    Level 5: <- You were here.
       A general store, a grave.
       Final resting place for
          jvanheel-Rog-Hum-Mal-Cha, killed by a giant bat, while reading a book.
 The Gnomish Mines:
    Level 5:


Vanquished creatures:
  a ghost
  2 small mimics
  a leprechaun
  5 fog clouds
  2 gnome leaders
  2 gray oozes
  2 little dogs
  a floating eye
  2 dwarves
  2 giant bats
 an orc zombie
 an iguana
  a manes
  a yellow mold
  5 gnomes
  2 geckos
  6 jackals
  a kobold
  a grid bug
  a lichen
  a kobold zombie
  6 newts
47 creatures vanquished.

No species were genocided or became extinct.

Sayonara CaptainEquinox the Samurai...

You quit in The Dungeons of Doom on dungeon level 5 with 2155 points,
and 249 pieces of gold, after 1597 moves.
You were level 6 with a maximum of 62 hit points when you quit.

